AoeStats
← {WaZzU'P} Recluta4!

Fortress

508111398Analyzed
4v4 RM · 11d ago on Sep 20, 2026· 60m 54s· 8 players
Game mode
Random Map
Map size
Huge
Population
200
Speed
Normal
Resources
Standard
Victory
Conquest
Starting age
Dark Age
Ending age
Imperial Age
RankedLock teamsTeams togetherTeam positionsShared explorationLock speedFull tech treeHidden civsTurbo modeCheats
Victory
Defeat
🇺🇸 Bengalis · United States
1184
+15
🇻🇪 Magyars · Venezuela
1103
+18
🇺🇸 Slavs · United States
1099
+18
🇨🇭 Gurjaras · Switzerland
1098
+18
🇧🇷 Georgians · Brazil
1200
-18
🇧🇷 Berbers · Brazil
1156
-18
🇧🇷 Britons · Brazil
1155
-18
🇧🇷 Bohemians · Brazil
1098
-15
JDTChief
6:31 Loom
8:16 Feudal Age
13:47 Castle Age
12:01 Horse Collar
12:13 Gold Mining
12:12 Double-Bit Axe
15:13 Bow Saw
16:04 Heavy Plow
16:43 Gold Shaft Mining
19:43 Stone Mining
20:51 Wheelbarrow
20:08 Town Watch
22:01 Hand Cart
23:45 Detinets
27:23 Imperial Age
25:20 Forging
25:15 Scale Barding Armor
26:24 Scale Mail Armor
27:02 Iron Casting
26:45 Squires
26:15 Pikeman
28:30 Conscription
28:11 Druzhina
28:52 Chain Mail Armor
29:37 Blast Furnace
28:43 Halberdier
30:36 Plate Mail Armor
30:46 Fletching
31:01 Caravan
31:55 Man-at-Arms
32:38 Long Swordsman
33:25 Bodkin Arrow
33:36 Scale Barding Armor
34:09 Two-Handed Swordsman
35:05 Padded Archer Armor
36:10 Champion
36:18 Elite Boyar
39:21 Siege Engineers
39:27 Fortified Wall
39:38 Ballistics
39:12 Capped Ram
40:23 Town Patrol
41:57 Hoardings
40:54 Sappers
41:12 Siege Ram
43:27 Masonry
44:18 Chemistry
43:14 Murder Holes
45:19 Coinage
48:26 Leather Archer Armor
48:32 Chain Barding Armor
49:00 Banking
60:16 Two-Man Saw
{WaZzU'P} Sr Gilmapi
1:22 Loom
6:38 Feudal Age
7:08 Double-Bit Axe
7:08 Horse Collar
14:40 Castle Age
13:22 Scale Barding Armor
13:31 Gold Mining
13:59 Bloodlines
18:23 Chain Barding Armor
19:06 Husbandry
27:12 Wheelbarrow
26:43 Caravan
31:27 Imperial Age
33:39 Hand Cart
35:20 Chemistry
36:05 Plate Barding Armor
37:11 Corvinian Army
41:19 Elite Magyar Huszar
51:27 Fletching
{WaZzU'P} GranPolo
7:50 Feudal Age
12:19 Castle Age
10:41 Double-Bit Axe
11:22 Horse Collar
11:49 Gold Mining
16:00 Scale Mail Armor
19:11 Chain Mail Armor
21:04 Forging
22:53 Iron Casting
27:37 Town Watch
29:43 Fletching
30:26 Heavy Plow
32:30 Town Patrol
33:31 Bow Saw
36:00 Wheelbarrow
36:20 Bodkin Arrow
40:01 Gold Shaft Mining
43:10 Imperial Age
40:59 Hand Cart
42:17 Stone Mining
43:23 Elite Chakram Thrower
45:56 Plate Mail Armor
47:09 Kshatriyas
52:29 Scale Barding Armor
52:28 Light Cavalry
57:25 Elite Elephant Archer
58:35 Thumb Ring
58:23 Hussar
59:13 Bloodlines
59:07 Husbandry
59:41 Ballistics
60:21 Chemistry
60:17 Bloodlines
60:28 Bracer
60:34 Husbandry
59:55 Hussar
61:18 Bloodlines
61:09 Husbandry
60:29 Hussar
61:22 Padded Archer Armor
{WaZzU'P} Recluta4!
8:51 Feudal Age
12:42 Castle Age
11:05 Double-Bit Axe
11:18 Horse Collar
12:35 Stone Mining
12:37 Gold Mining
14:15 Heavy Plow
14:20 Loom
17:37 Town Watch
20:28 Wheelbarrow
21:58 Hand Cart
22:24 Bow Saw
23:28 Scale Barding Armor
24:41 Bloodlines
24:33 Husbandry
24:54 Chain Barding Armor
24:45 Forging
24:45 Paiks
29:22 Imperial Age
29:30 Elite Battle Elephant
30:33 Conscription
31:23 Plate Barding Armor
31:06 Fortified Wall
30:39 Light Cavalry
33:04 Masonry
34:09 Iron Casting
37:05 Blast Furnace
35:40 Siege Elephant
36:50 Mahayana
37:07 Devotion
39:30 Caravan
46:39 Chemistry
46:01 Ballistics
46:12 Architecture
50:54 Coinage
58:48 Banking
58:29 Guilds
DKT | Zeusrs
8:46 Feudal Age
9:15 Horse Collar
12:20 Loom
15:46 Castle Age
14:00 Bloodlines
13:46 Gold Mining
14:22 Scale Barding Armor
14:29 Forging
15:22 Wheelbarrow
15:56 Wheelbarrow
17:16 Iron Casting
18:38 Chain Barding Armor
19:00 Town Watch
32:40 Husbandry
41:00 Hand Cart
48:10 Light Cavalry
DKT | Franklin
1:25 Loom
1:34 Loom
2:08 Loom
2:32 Loom
8:18 Feudal Age
8:48 Double-Bit Axe
8:45 Horse Collar
15:23 Castle Age
16:33 Bow Saw
16:29 Heavy Plow
15:53 Pikeman
18:30 Wheelbarrow
17:56 Arson
19:45 Forging
19:50 Town Watch
22:37 Squires
24:42 Scale Mail Armor
25:18 Iron Casting
25:56 Padded Archer Armor
26:20 Elite Skirmisher
27:33 Hand Cart
27:39 Fervor
27:50 Sanctity
27:24 Treadmill Crane
27:40 Murder Holes
29:05 Wagenburg Tactics
30:12 Town Patrol
34:36 Chemistry
35:00 Caravan
38:24 Imperial Age
36:25 Ballistics
36:57 Fortified Wall
36:58 Masonry
37:33 Chain Mail Armor
37:34 Leather Archer Armor
37:09 Fletching
38:38 Houfnice
39:09 Halberdier
41:01 Two-Man Saw
40:58 Conscription
42:25 Plate Mail Armor
42:25 Ring Archer Armor
42:56 Blast Furnace
50:09 Bodkin Arrow
51:44 Bracer
59:35 Siege Engineers
60:00 Architecture
59:03 Sappers
DKT | BRESSAN
2:55 Loom
8:37 Feudal Age
9:49 Double-Bit Axe
14:21 Castle Age
12:42 Stone Mining
12:47 Gold Mining
12:40 Horse Collar
14:37 Wheelbarrow
16:15 Heavy Plow
17:10 Bow Saw
17:04 Town Watch
21:25 Hand Cart
21:27 Town Patrol
24:00 Fletching
24:11 Padded Archer Armor
27:32 Imperial Age
25:12 Crossbowman
25:52 Bodkin Arrow
29:15 Gold Shaft Mining
28:59 Leather Archer Armor
28:40 Arbalester
31:01 Ballistics
31:07 Conscription
32:00 Chemistry
31:10 Bracer
32:26 Yeomen
32:27 Conscription
32:50 Ring Archer Armor
35:04 Pikeman
35:44 Squires
35:31 Arson
42:16 Two-Man Saw
49:21 Warwolf
DKT | PLuS
8:39 Feudal Age
12:45 Castle Age
11:01 Double-Bit Axe
11:28 Horse Collar
15:50 Bow Saw
15:35 Gold Mining
16:02 Loom
20:21 Scale Barding Armor
20:26 Forging
25:02 Chain Barding Armor
24:52 Forging
25:42 Bloodlines
25:32 Husbandry
25:41 Husbandry
28:34 Forging
30:58 Iron Casting
32:20 Wheelbarrow
32:09 Bow Saw
35:27 Imperial Age
35:35 Light Cavalry
36:26 Cavalier
39:55 Chemistry
40:08 Sanctity
40:21 Fervor
43:04 Heavy Plow
47:19 Plate Barding Armor
47:44 Blast Furnace
57:24 Hussar
Connection lost

Rejoining the realm…

Still unreachable

The connection could not be restored.

Session expired

The server has moved on; the page needs a fresh start.